 Dungeon Crawl Stone Soup version 0.31.0-11-ge490571c62 (webtiles) character file.

Game seed: 11141771188035504889

19 qw the Shooter (level 2, -1/14 HPs)
             Began as a Spriggan Hunter on Feb 5, 2024.
             Slain by a kobold
             ... wielding a +0 short sword
              (3 damage)
             ... on level 1 of the Dungeon.
             The game lasted 00:00:07 (141 turns).

qw the Shooter (Spriggan Hunter)                     Turns: 141, Time: 00:00:08

Health: -1/14      AC:  2    Str:  7    XL:     2   Next: 55%
Magic:  3/3        EV: 19    Int: 10    God:
Gold:   0          SH:  0    Dex: 18    Spells: 1/1 levels left

rFire   . . .        a - +0 shortbow
rCold   . . .        (shield currently unavailable)
rNeg    . . .        c - +0 robe
rPois   .            (helmet restricted)
rElec   .            (no cloak)
rCorr   .            (gloves unavailable)
SInv    +            (boots unavailable)
Will    .....        (no amulet)
Stlth   ++           (no ring)
HPRegen 0.22/turn    (no ring)
MPRegen 0.08/turn

%: no passive effects
@: very quick
A: very small, no large weapons, unfitting armour, see invisible, speed 3
a: no special abilities


You were on level 1 of the Dungeon.
You visited 1 branch of the dungeon, and saw 1 of its levels.


Innate Abilities, Weirdness & Mutations

You are very small and have problems with some larger weapons.
You are too small for most types of armour.
You have supernaturally acute eyesight. (SInv)
You cover ground extremely quickly. (Speed+++)


   Skills:
 - Level 1.5 Fighting
 + Level 4.1 Ranged Weapons
 - Level 4.0 Dodging
 - Level 1.5 Stealth


You had one spell level left.
You didn't know any spells.
Your spell library was empty.

Inventory:

Hand Weapons
 a - a +0 shortbow (weapon)
Armour
 c - a +0 robe (worn)
Jewellery
 d - an amulet of regeneration
Scrolls
 b - a scroll of butterflies
 e - a scroll of identify {unknown}
 f - a scroll of noise {unknown}
Potions
 g - 2 potions of enlightenment {unknown}

Dungeon Overview and Level Annotations

Branches:
Dungeon (1/15)

Altars:


Message History

The endoplasm is heavily wounded.
You shoot an arrow.
The arrow hits the endoplasm but does no damage.
The endoplasm is heavily wounded.
A bat comes into view.
You shoot an arrow. The arrow hits the endoplasm.
The endoplasm is severely wounded.
The bat barely misses you. The bat hits you.
A bat comes into view.
The endoplasm hits you.
A quokka comes into view.
The bat moves out of view.
You shoot an arrow. The arrow hits the endoplasm!
You kill the endoplasm!
The bat barely misses you.
You shoot an arrow. The arrow misses the bat.
The bat misses you. x2; The quokka bites you.
The quokka misses you.
You shoot an arrow. The arrow hits the bat!
You kill the bat!
The quokka barely misses you.
You shoot an arrow.
The arrow hits the quokka but does no damage.
The quokka barely misses you. The quokka bites you.
You shoot an arrow. The arrow misses the quokka.
The quokka bites you.
You shoot an arrow. The arrow barely misses the quokka.
A kobold comes into view. It is wielding a +0 short sword.
The quokka barely misses you. x2
You shoot an arrow. The arrow closely misses the quokka.
The arrow misses the kobold.
The bat hits you but does no damage. The bat hits you.
The quokka barely misses you.
You shoot an arrow. The arrow hits the bat.
You kill the bat!
The quokka barely misses you.
You shoot an arrow. The arrow hits the quokka!
You kill the quokka!
You shoot an arrow. The arrow closely misses the kobold.
The kobold hits you with a +0 short sword.
You die...

..# ..# ..# #. ##..#...
#.....# #..... #.#..#..#
#.%. ..>....##. ####K#
.##.#..##.###..%@#...
###...........%.........
#....%.####.#...#..#....
............#.#....# ..
##......####..#.##.#
....#......%.##(# .#
...##....####...# .#
.#.##.#...# .### .#
......####..###


You could see a kobold.

Vanquished Creatures
  2 endoplasms (D:1)
  A giant cockroach (D:1)
  A goblin (D:1)
  A hobgoblin (D:1)
  3 jackals (D:1)
  4 quokkas (D:1)
  A ball python (D:1)
  2 bats (D:1)
  A frilled lizard (D:1)
16 creatures vanquished.

Notes
Turn   | Place    | Note
-------+----------+-------------------------------------------
     0 | D:1      | qw the Spriggan Hunter began the quest for the Orb.
     0 | D:1      | Reached XP level 1. HP: 10/10 MP: 2/2
     0 | D:1      | 0 ||| qw: Version: 0.3-a-160-g6735b56
     0 | D:1      | 0 ||| qw: Game counter: 6480
     0 | D:1      | 0 ||| qw: Melee chars always use a shield: true
     0 | D:1      | 0 ||| qw: God list: Okawaru
     0 | D:1      | 0 ||| qw: Allow faded altars: false
     0 | D:1      | 0 ||| qw: Do Orc after clearing Dungeon:15 true
     0 | D:1      | 0 ||| qw: Do second Lair branch before Depths: true
     0 | D:1      | 0 ||| qw: Lair rune preference: random
     0 | D:1      | 0 ||| qw: Goals: Normal
     0 | D:1      | 0 ||| PLANNING D:1-11
    29 | D:1      | Reached skill level 3 in Dodging
    79 | D:1      | Reached XP level 2. HP: 14/14 MP: 3/3
   136 | D:1      | HP: 2/14 [quokka (5)]
   141 | D:1      | Slain by a kobold

Levels and vault maps discovered:
D:1:      minmay_arrival_doors, layout_rooms, hex_intersection,
          amethyst_killhole, lexackson_kobold_supper

Skill      XL: |  1  2 |
---------------+-------+-----
Dodging        | 3 4 |  4.0
Fighting       | |  1.5
Ranged Weapons | |  4.1
Stealth        | |  1.5

Action                     || total
---------------------------++-------
   Fire: Shortbow          ||    43
 Armour: Robe              ||     9
  Dodge: Dodged            ||    15

Table legend:
 A = Non-vault XP
 B = Vault XP
 C = Vault XP percentage of total XP
 D = Non-vault monster count
 E = Vault monster count
 F = Vault count percentage of total count
                 A         B        C        D         E       F
            +---------+---------+-------+---------+---------+-------
      Total |      28 |       0 |   0.0 |      16 |       0 |   0.0
            +---------+---------+-------+---------+---------+-------
        D:1 |      28 |       0 |   0.0 |      16 |       0 |   0.0
            +---------+---------+-------+---------+---------+-------
